 Dungeon Crawl Stone Soup version 0.23-a0-642-g3120c2f (webtiles) character file.

206 KristoblXynda the Chopper (level 5, 0/46 HPs)
             Began as a Deep Dwarf Fighter on Dec 30, 2018.
             Killed from afar by an orc wizard (2 damage)
             ... with a magic dart
             ... on level 4 of the Dungeon.
             The game lasted 00:03:38 (2421 turns).

KristoblXynda the Chopper (Deep Dwarf Fighter)      Turns: 2421, Time: 00:03:39

Health: 0/46       AC:  5    Str: 25    XL:     5   Next: 53%
Magic:  14/14      EV:  7    Int:  8    God:
Gold:   161        SH: 10    Dex: 12    Spells: 4/4 levels left

rFire    . . .     SeeInvis .   a - +0 war axe
rCold    . . .     Gourm    .   c - +0 shield
rNeg     . . .     Faith    .   b - +0 scale mail
rPois    .         Spirit   .   (no helmet)
rElec    +         Reflect  .   (no cloak)
rCorr    .         Harm     .   (no gloves)
MR       .....                  k - +0 pair of boots (curse)
Stlth    ..........             l - amulet of the acrobat
HPRegen  0.00/turn              p - +4 ring of strength
MPRegen  0.14/turn              n - ring of magical power

@: non-regenerating
A: damage resistance, heal wounds, deformed body, dopey 1, sense surroundings 1,
electricity resistance, strong 1, no regeneration
a: Heal Wounds


You were on level 4 of the Dungeon.
You were not hungry.

You visited 1 branch of the dungeon, and saw 4 of its levels.

You collected 161 gold pieces.

Inventory:

Hand Weapons
 a - a +0 war axe (weapon)
Armour
 b - a +0 scale mail (worn)
 c - a +0 shield (worn)
 k - a cursed +0 pair of boots (worn)
Jewellery
 l - an amulet of the acrobat (around neck)
 n - a ring of magical power (right hand)
 p - a +4 ring of strength (left hand)
Wands
 q - a wand of iceblast (12)
Scrolls
 e - a scroll of immolation {unknown}
 g - 2 scrolls of amnesia
 h - a scroll of remove curse {unknown}
 i - a scroll of teleportation
 m - a scroll of noise {unknown}
Potions
 d - a potion of might
 j - a potion of ambrosia {unknown}
 o - a potion of lignification
Comestibles
 f - 6 rations
 r - 5 chunks of flesh


   Skills:
 - Level 2.6 Fighting
 * Level 4.8 Axes
 + Level 4.4 Armour
 + Level 4.4 Shields


You had 4 spell levels left.
You didn't know any spells.
Your spell library contained the following spells:

 Spells                   Type           Power        Failure   Level  Hunger
 Animate Skeleton         Necr           N/A          98%         1    ##.....
 Apportation              Tloc           #.....       98%         1    ##.....
 Confusing Touch          Hex            #.....       98%         1    ##.....
 Summon Small Mammal      Summ           #...         98%         1    ##.....


Dungeon Overview and Level Annotations

Branches:
Dungeon (4/15)
 Temple: D:4-7

Altars:
Zin


Innate Abilities, Weirdness & Mutations

You are resistant to damage.
You can heal yourself by infusing magical energy.
You passively map a small area around you.
You do not regenerate.
Armour fits poorly on your strangely shaped body.
You are dopey. (Int -2)
You are resistant to electric shocks. (rElec)
Your muscles are strong. (Str +2)


Message History

The orc wizard barely misses you.
You hit the orc wizard but do no damage.
The orc wizard is heavily wounded.
The orc wizard looks satisfied for a moment.
The orc wizard hits you but does no damage.
You barely miss the orc wizard.
The orc wizard is heavily wounded.
The orc wizard points at you and mumbles some strange words.
The magic dart hits you!
* * * LOW HITPOINT WARNING * * *
The orc wizard hits you with a +0 dagger.
You closely miss the orc wizard.
The orc wizard is heavily wounded.
The orc wizard barely misses you. You block the orc wizard's attack.
Your shield and scale mail prevent you from hitting the orc wizard.
The orc wizard is heavily wounded.
You block the orc wizard's attack. The orc wizard casts a spell at you.
The magic dart hits you!
You die...

* ######## *
*#......###########
+................#
#......#########.#
#.......)..####..#
.##.....)###.#.....##
.........@o..+...>..#
.####.######.#.....##
#. * ** ##+#..# *
#,,, ,#, #.#..# ,
*#####.#.##.#..#### *
, .............#..#
#####..######.##.#..#
, ,
...#.....^......#..#
*
*#.#...#####.####..#


You could see an orc wizard.

Vanquished Creatures
  A centaur (D:4)
  A bullfrog skeleton (D:4)
  2 adders
  A worm (D:2)
  2 dart slugs
  A leopard gecko (D:3)
  6 orcs
  7 bats
  5 giant cockroaches
  4 goblins
  8 hobgoblins
  6 jackals
  7 kobolds
  2 quokkas
  3 frilled lizards
  7 rats
63 creatures vanquished.

Notes
Turn   | Place    | Note
-------+----------+-------------------------------------------
     0 | D:1      | KristoblXynda the Deep Dwarf Fighter began the quest for
                  | the Orb.
     0 | D:1      | Reached XP level 1. HP: 20/20 MP: 1/1
    49 | D:1      | Reached XP level 2. HP: 25/27 MP: 2/2
   961 | D:2      | Reached XP level 3. HP: 26/33 MP: 3/3
  1594 | D:3      | Gained mutation: You are resistant to hostile enchantments.
                  | (MR+) [potion of mutation]
  1594 | D:3      | Gained mutation: You are clumsy. (Dex -2) [potion of
                  | mutation]
  1594 | D:3      | Gained mutation: Your movements are slightly less
                  | encumbered by armour. (ER -2) [potion of mutation]
  1595 | D:3      | Lost mutation: You are clumsy. (Dex -2) [potion of
                  | mutation]
  1595 | D:3      | Lost mutation: You are resistant to hostile enchantments.
                  | (MR+) [potion of mutation]
  1595 | D:3      | Lost mutation: Your movements are slightly less encumbered
                  | by armour. (ER -2) [potion of mutation]
  1595 | D:3      | Gained mutation: Armour fits poorly on your strangely
                  | shaped body. [potion of mutation]
  1595 | D:3      | Gained mutation: You are resistant to electric shocks.
                  | (rElec) [potion of mutation]
  1595 | D:3      | Gained mutation: You are dopey. (Int -2) [potion of
                  | mutation]
  1595 | D:3      | Gained mutation: Your muscles are strong. (Str +2) [potion
                  | of mutation]
  1876 | D:3      | Found a glowing silver altar of Zin.
  1877 | D:3      | Reached XP level 4. HP: 22/40 MP: 4/4
  2330 | D:4      | Noticed a centaur
  2336 | D:4      | Killed a centaur
  2336 | D:4      | Reached XP level 5. HP: 14/46 MP: 5/5
  2419 | D:4      | HP: 2/46 [orc wizard/magic dart (4)]
  2421 | D:4      | Killed from afar by an orc wizard

Vault maps used:
D:1:      dpeg_arrival_water_temple_mockup, serial_forest,
          infiniplex_forest_clump_medium, infiniplex_forest_split,
          infiniplex_forest_clump_tiny, infiniplex_forest_lined_3_way
D:2:      first_ration, st_stairs_6
D:3:      old_standard_altar
D:4:      minmay_temple_entry_trees, chequers_serial_rivers_large_a

Skill      XL: |  1  2  3  4 |
---------------+-------------+-----
Axes           | 3 4 |  4.8
Armour         | 4 |  4.4
Shields        | 4 |  4.4
Fighting       | |  2.6

Action                   |  1- 3 |  4- 6 || total
-------------------------+-------+-------++-------
Melee: War axe           |   115 |    75 ||   190
  Use: Scroll            |     3 |     2 ||     5
       Potion            |     2 |     1 ||     3
  Eat: Chunk             |     3 |     1 ||     4
       Ration            |       |     1 ||     1
Armor: Scale mail        |    77 |    26 ||   103
Dodge: Dodged            |    52 |    22 ||    74
Block: Shield            |    73 |    48 ||   121

Table legend:
 A = Non-vault XP
 B = Vault XP
 C = Vault XP percentage of total XP
 D = Non-vault monster count
 E = Vault monster count
 F = Vault count percentage of total count
                 A         B        C        D         E       F
            +---------+---------+-------+---------+---------+-------
      Total |     290 |       5 |   1.7 |      62 |       1 |   1.6
            +---------+---------+-------+---------+---------+-------
        D:1 |      39 |       0 |   0.0 |      22 |       0 |   0.0
        D:2 |      36 |       5 |  12.2 |      13 |       1 |   7.1
        D:3 |      49 |       0 |   0.0 |      21 |       0 |   0.0
        D:4 |     166 |       0 |   0.0 |       6 |       0 |   0.0
            +---------+---------+-------+---------+---------+-------
